TOP OF THE 1ST |
Lexington Legends batting - Pitching for Quad Cities River Bandits : RHP Willie Jimenez
|
Pitching: RHP Willie Jimenez
|
|
Batting: RHB Danny Weisse
|
0-0: Swinging Strike 0-1: Ball 1-1: Called Strike 1-2: Ball 2-2: Strikes out looking
|
Batting: RHB Justin Bonner
|
0-0: Foul Ball, location: 2F 0-1: Ball 1-1: Called Strike 1-2: Ball 2-2: Strikes out looking
|
Batting: LHB Danny Bailey
|
0-0: Foul Ball, location: 2F 0-1: Ball 1-1: Swinging Strike 1-2: Strikes out swinging
|
Top of the 1st over - 0 runs, 0 hits, 0 errors, 0 left on base; Lexington 0 - Quad Cities 0 |
BOTTOM OF THE 1ST |
Quad Cities River Bandits batting - Pitching for Lexington Legends : RHP Matt Voulgaris
|
Pitching: RHP Matt Voulgaris
|
|
Batting: LHB Kelvin Jones
|
0-0: Called Strike 0-1: Called Strike 0-2: Strikes out swinging wild pitch, reaches first!
|
Batting: LHB Dylan LaRose
|
0-0: Foul Ball, location: 2F 0-1: DOUBLE (Line Drive, 89D, EV 107.5 MPH) Kelvin Jones to third
|
Batting: LHB Doug Anderson
|
0-0: Swinging Strike 0-1: SINGLE (Line Drive, 5D, EV 96.3 MPH) Kelvin Jones scores Dylan LaRose to third
|
Batting: RHB Pete Isley
|
0-0: Ball 1-0: Ball 2-0: Ball 3-0: Base on Balls Doug Anderson to second
|
Batting: RHB Raul Sanchez
|
0-0: Ball 1-0: Ball 2-0: Ball 3-0: Called Strike 3-1: Fly out, F8 (Flyball, 78XD, EV 84.4 MPH) Runner from 3rd tags up, SCORES, no throw by CF
|
Batting: SHB Paskar Adegoke
|
0-0: Ball 1-0: Foul Ball, location: 2F 1-1: Foul Ball, location: 2F 1-2: Foul Ball, location: 2F 1-2: Ball 2-2: Foul Ball, location: 2F 2-2: Fly out, F8 (Flyball, 8LS, EV 86.3 MPH)
|
Batting: RHB Joe Cook
|
0-0: Fly out, F9 (Line Drive, 9, EV 97.5 MPH)
|
Bottom of the 1st over - 2 runs, 2 hits, 0 errors, 2 left on base; Lexington 0 - Quad Cities 2 |
TOP OF THE 2ND |
Lexington Legends batting - Pitching for Quad Cities River Bandits : RHP Willie Jimenez
|
Batting: LHB Robby Diaz
|
0-0: Called Strike 0-1: Ball 1-1: Ball 2-1: Swinging Strike 2-2: Ball 3-2: Fly out, F7 (Flyball, 7LM, EV 92.5 MPH)
|
Batting: RHB Kevin Roseen
|
0-0: Foul Ball, location: 2F 0-1: Called Strike 0-2: Foul Ball, location: 2F 0-2: Ball 1-2: Foul Ball, location: 2F 1-2: Strikes out swinging
|
Batting: SHB Jared O'Connor
|
0-0: Ball 1-0: Called Strike 1-1: Fly out, F3 (Popup, 3F, EV 55.6 MPH)
|
Top of the 2nd over - 0 runs, 0 hits, 0 errors, 0 left on base; Lexington 0 - Quad Cities 2 |
BOTTOM OF THE 2ND |
Quad Cities River Bandits batting - Pitching for Lexington Legends : RHP Matt Voulgaris
|
Batting: RHB Colin Cranford
|
0-0: Foul Ball, location: 2F 0-1: Ball 1-1: SOLO HOME RUN (Flyball, 9D, EV 96.9 MPH), Distance : 367 ft
|
Batting: RHB Steve Moore
|
0-0: Foul Ball, location: 2F 0-1: Foul Ball, location: 2F 0-2: Ball 1-2: Ball 2-2: Ball 3-2: Base on Balls
|
Batting: LHB Kelvin Jones
|
0-0: Ball 1-0: Ball 2-0: Ball 3-0: Called Strike 3-1: Called Strike 3-2: SINGLE (Line Drive, 89M, EV 113.1 MPH) Steve Moore to second
|
Batting: LHB Dylan LaRose
|
0-0: Ball 1-0: Foul Ball, location: 2F 1-1: Ball 2-1: Ball 3-1: Fly out, F7 (Flyball, 78M, EV 81.9 MPH)
|
Batting: LHB Doug Anderson
|
0-0: DOUBLE (Line Drive, 9LM, EV 103.8 MPH) Steve Moore scores Kelvin Jones to third
|
Batting: RHB Pete Isley
|
0-0: Ball 1-0: Called Strike 1-1: Foul Ball, location: 2F 1-2: Strikes out swinging
|
Batting: RHB Raul Sanchez
|
0-0: Foul Ball, location: 2F 0-1: Foul Ball, location: 2F 0-2: Ball 1-2: Strikes out looking
|
Bottom of the 2nd over - 2 runs, 3 hits, 0 errors, 2 left on base; Lexington 0 - Quad Cities 4 |
TOP OF THE 3RD |
Lexington Legends batting - Pitching for Quad Cities River Bandits : RHP Willie Jimenez
|
Batting: RHB Alex Cid
|
0-0: Ball 1-0: Ball 2-0: Called Strike 2-1: Fly out, F9 (Line Drive, 9D, EV 88.1 MPH)
|
Batting: RHB Andy Urquhart
|
0-0: Ball 1-0: Called Strike 1-1: SINGLE (Line Drive, 89S, EV 113.8 MPH)
|
Batting: SHB Jason Anaya
|
0-0: Called Strike 0-1: Ball 1-1: Foul Ball, location: 2F 1-2: Strikes out swinging
|
Batting: RHB Danny Weisse
|
0-0: Ball Andy Urquhart steals 2nd base 1-0: Called Strike 1-1: Called Strike 1-2: Ball 2-2: Foul Ball, location: 2F 2-2: Strikes out swinging
|
Top of the 3rd over - 0 runs, 1 hit, 0 errors, 1 left on base; Lexington 0 - Quad Cities 4 |
BOTTOM OF THE 3RD |
Quad Cities River Bandits batting - Pitching for Lexington Legends : RHP Matt Voulgaris
|
Batting: SHB Paskar Adegoke
|
0-0: Ball 1-0: Called Strike 1-1: Called Strike 1-2: Foul Ball, location: 2F 1-2: Ball 2-2: Strikes out swinging
|
Batting: RHB Joe Cook
|
0-0: Foul Ball, location: 2F 0-1: Foul Ball, location: 2F 0-2: SINGLE (Line Drive, 78S, EV 87.5 MPH)
|
Batting: RHB Colin Cranford
|
0-0: Fly out, F3 (Line Drive, 3, EV 70.0 MPH)
|
Batting: RHB Steve Moore
|
0-0: Ball Passed Ball! Joe Cook to second 1-0: Called Strike 1-1: Swinging Strike 1-2: Ball 2-2: Strikes out swinging
|
Bottom of the 3rd over - 0 runs, 1 hit, 0 errors, 1 left on base; Lexington 0 - Quad Cities 4 |
TOP OF THE 4TH |
Lexington Legends batting - Pitching for Quad Cities River Bandits : RHP Willie Jimenez
|
Batting: RHB Justin Bonner
|
0-0: Ball 1-0: Ball 2-0: Called Strike 2-1: Foul Ball, location: 2F 2-2: Foul Ball, location: 2F 2-2: Ball 3-2: Foul Ball, location: 2F 3-2: SINGLE (Groundball, 4D, EV 111.9 MPH)
|
Batting: LHB Danny Bailey
|
0-0: Called Strike 0-1: Fly out, F8 (Flyball, 8RD, EV 100.0 MPH)
|
Batting: LHB Robby Diaz
|
0-0: Ball 1-0: Called Strike 1-1: Ball 2-1: Ball Passed Ball! Justin Bonner to second 3-1: Base on Balls
|
Batting: RHB Kevin Roseen
|
0-0: Called Strike 0-1: Called Strike Robby Diaz steals 2nd base (no throw) Justin Bonner steals 3rd base 0-2: Strikes out swinging
|
Batting: SHB Jared O'Connor
|
0-0: Called Strike 0-1: Foul Ball, location: 2F 0-2: Ball 1-2: Ball 2-2: Ground out 6-3 (Groundball, 6, EV 86.9 MPH)
|
Top of the 4th over - 0 runs, 1 hit, 0 errors, 2 left on base; Lexington 0 - Quad Cities 4 |
BOTTOM OF THE 4TH |
Quad Cities River Bandits batting - Pitching for Lexington Legends : RHP Matt Voulgaris
|
Batting: LHB Kelvin Jones
|
0-0: Ball 1-0: Foul Ball, location: 2F 1-1: Called Strike 1-2: Ball 2-2: Ground out U3 (Groundball, 3, EV 87.5 MPH)
|
Batting: LHB Dylan LaRose
|
0-0: Called Strike 0-1: Ball 1-1: Foul Ball, location: 2F 1-2: DOUBLE (Flyball, 8LXD, EV 104.4 MPH)
|
Batting: LHB Doug Anderson
|
0-0: Ball 1-0: DOUBLE (Line Drive, 7LM, EV 93.1 MPH) Dylan LaRose scores
|
Pitching: LHP Joel Page
|
|
Batting: RHB Pete Isley
|
0-0: Ball Wild Pitch! Doug Anderson to third 1-0: Ball 2-0: Fly out, F7 (Flyball, 7LS, EV 91.3 MPH)
|
Batting: RHB Raul Sanchez
|
0-0: Called Strike 0-1: Ground out U3 (Groundball, 34S, EV 81.3 MPH)
|
Bottom of the 4th over - 1 run, 2 hits, 0 errors, 1 left on base; Lexington 0 - Quad Cities 5 |
TOP OF THE 5TH |
Lexington Legends batting - Pitching for Quad Cities River Bandits : RHP Willie Jimenez
|
Batting: RHB Alex Cid
|
0-0: Ball 1-0: Foul Ball, location: 2F 1-1: Ball 2-1: Ground out 4-3 (Groundball, 4MS, EV 78.8 MPH)
|
Batting: RHB Andy Urquhart
|
0-0: Ball 1-0: Ball 2-0: Called Strike 2-1: Called Strike 2-2: Foul Ball, location: 2F 2-2: Ball 3-2: Ground out 6-3 (Groundball, 6MD, EV 85.0 MPH)
|
Batting: SHB Jason Anaya
|
0-0: Called Strike 0-1: Ball 1-1: Swinging Strike 1-2: Strikes out swinging
|
Top of the 5th over - 0 runs, 0 hits, 0 errors, 0 left on base; Lexington 0 - Quad Cities 5 |
BOTTOM OF THE 5TH |
Quad Cities River Bandits batting - Pitching for Lexington Legends : LHP Joel Page
|
Batting: SHB Paskar Adegoke
|
0-0: Swinging Strike 0-1: Fly out, F8 (Flyball, 8RD, EV 88.1 MPH)
|
Batting: RHB Joe Cook
|
0-0: Foul Ball, location: 2F 0-1: Ground out 4-3 (Groundball, 4, EV 92.5 MPH)
|
Batting: RHB Colin Cranford
|
0-0: Ball 1-0: Swinging Strike 1-1: Swinging Strike 1-2: Strikes out looking
|
Bottom of the 5th over - 0 runs, 0 hits, 0 errors, 0 left on base; Lexington 0 - Quad Cities 5 |
TOP OF THE 6TH |
Lexington Legends batting - Pitching for Quad Cities River Bandits : RHP Willie Jimenez
|
Batting: RHB Danny Weisse
|
0-0: Ball 1-0: Called Strike 1-1: Swinging Strike 1-2: Ball 2-2: Foul Ball, location: 2F 2-2: Ball 3-2: SINGLE (Groundball, 56D, EV 103.8 MPH)
|
Batting: RHB Justin Bonner
|
0-0: Called Strike 0-1: Called Strike Danny Weisse steals 2nd base 0-2: Ball 1-2: Strikes out swinging
|
Batting: LHB Danny Bailey
|
0-0: Ball 1-0: Foul Ball, location: 2F 1-1: Called Strike 1-2: 2-RUN HOME RUN (Flyball, 9LD, EV 90.0 MPH), Distance : 339 ft
|
Batting: LHB Robby Diaz
|
0-0: Swinging Strike 0-1: Foul Ball, location: 2F 0-2: Ball 1-2: Strikes out swinging
|
Batting: RHB Kevin Roseen
|
0-0: Ball 1-0: Swinging Strike 1-1: Ball 2-1: Foul Ball, location: 2F 2-2: Ball 3-2: Strikes out looking
|
Top of the 6th over - 2 runs, 2 hits, 0 errors, 0 left on base; Lexington 2 - Quad Cities 5 |
BOTTOM OF THE 6TH |
Quad Cities River Bandits batting - Pitching for Lexington Legends : LHP Joel Page
|
Batting: RHB Steve Moore
|
0-0: Called Strike 0-1: Ball 1-1: Foul Ball, location: 2F 1-2: Strikes out looking
|
Batting: LHB Kelvin Jones
|
0-0: Ball 1-0: Swinging Strike 1-1: Swinging Strike 1-2: Strikes out swinging
|
Batting: LHB Dylan LaRose
|
0-0: Called Strike 0-1: Ball 1-1: Swinging Strike 1-2: Fly out, F5 (Popup, 56, EV 56.9 MPH)
|
Bottom of the 6th over - 0 runs, 0 hits, 0 errors, 0 left on base; Lexington 2 - Quad Cities 5 |
TOP OF THE 7TH |
Lexington Legends batting - Pitching for Quad Cities River Bandits : RHP Willie Jimenez
|
Pitching: RHP Joe Rivin
|
|
Batting: SHB Jared O'Connor
|
0-0: Ball 1-0: Ground out 6-3 (Groundball, 6, EV 106.3 MPH)
|
Batting: RHB Alex Cid
|
0-0: Called Strike 0-1: Ball 1-1: Foul Ball, location: 2F 1-2: Ground out 3-1 (Groundball, 34, EV 78.8 MPH)
|
Batting: RHB Andy Urquhart
|
0-0: SOLO HOME RUN (Flyball, 7D, EV 105.0 MPH), Distance : 380 ft
|
Batting: SHB Jason Anaya
|
0-0: Called Strike 0-1: Ball 1-1: Ball 2-1: Ball 3-1: Foul Ball, location: 2F 3-2: Foul Ball, location: 2F 3-2: Strikes out swinging
|
Top of the 7th over - 1 run, 1 hit, 0 errors, 0 left on base; Lexington 3 - Quad Cities 5 |
BOTTOM OF THE 7TH |
Quad Cities River Bandits batting - Pitching for Lexington Legends : LHP Joel Page
|
Batting: LHB Doug Anderson
|
0-0: Foul Ball, location: 2F 0-1: Ball 1-1: Called Strike 1-2: Strikes out swinging
|
Batting: RHB Pete Isley
|
0-0: Ball 1-0: Called Strike 1-1: Ground out 6-3 (Groundball, 56, EV 80.6 MPH)
|
Batting: RHB Raul Sanchez
|
0-0: Called Strike 0-1: Ball 1-1: Fly out, F8 (Flyball, 78D, EV 83.8 MPH)
|
Bottom of the 7th over - 0 runs, 0 hits, 0 errors, 0 left on base; Lexington 3 - Quad Cities 5 |
TOP OF THE 8TH |
Lexington Legends batting - Pitching for Quad Cities River Bandits : RHP Joe Rivin
|
Batting: RHB Danny Weisse
|
0-0: Ball 1-0: Called Strike 1-1: Foul Ball, location: 2F 1-2: Ball 2-2: Strikes out swinging
|
Pinch Hitting: LHB Ho-win Zhou
|
0-0: Ball 1-0: Foul Ball, location: 2F 1-1: Swinging Strike 1-2: Ball 2-2: Ball 3-2: Foul Ball, location: 2F 3-2: Base on Balls
|
Batting: LHB Danny Bailey
|
0-0: Foul Ball, location: 2F 0-1: Foul Ball, location: 2F 0-2: 2-RUN HOME RUN (Flyball, 78XD, EV 100.6 MPH), Distance : 408 ft
|
Pitching: RHP Tim Watson
|
|
Batting: LHB Robby Diaz
|
0-0: Called Strike 0-1: Ball 1-1: SINGLE (Line Drive, 78S, EV 106.9 MPH)
|
Batting: RHB Kevin Roseen
|
0-0: Called Strike 0-1: Ball 1-1: Swinging Strike 1-2: Ball 2-2: Foul Ball, location: 2F 2-2: Ball 3-2: Fielders Choice at 2nd, 4-6 (Groundball, 34, EV 90.6 MPH)
|
Batting: SHB Jared O'Connor
|
0-0: Ball 1-0: Foul Ball, location: 2F 1-1: Fly out, F9 (Flyball, 89M, EV 86.3 MPH)
|
Top of the 8th over - 2 runs, 2 hits, 0 errors, 1 left on base; Lexington 5 - Quad Cities 5 |
BOTTOM OF THE 8TH |
Quad Cities River Bandits batting - Pitching for Lexington Legends : LHP Joel Page
|
Pitching: RHP Terry Romaine
|
|
Now at 2B: Dante McCauley
|
|
Batting: SHB Paskar Adegoke
|
0-0: Swinging Strike 0-1: Fly out, F9 (Flyball, 9, EV 90.6 MPH)
|
Batting: RHB Joe Cook
|
0-0: Ground out 6-3 (Groundball, 6, EV 107.5 MPH)
|
Batting: RHB Colin Cranford
|
0-0: Called Strike 0-1: Ball 1-1: Called Strike 1-2: Fly out, F4 (Popup, 34, EV 58.8 MPH)
|
Bottom of the 8th over - 0 runs, 0 hits, 0 errors, 0 left on base; Lexington 5 - Quad Cities 5 |
TOP OF THE 9TH |
Lexington Legends batting - Pitching for Quad Cities River Bandits : RHP Tim Watson
|
Batting: RHB Alex Cid
|
0-0: Ground out 4-3 (Groundball, 4S, EV 67.5 MPH)
|
Batting: RHB Andy Urquhart
|
0-0: Ball 1-0: Called Strike 1-1: Foul Ball, location: 2F 1-2: Strikes out swinging
|
Batting: SHB Jason Anaya
|
0-0: Fly out, F7 (Flyball, 7LM, EV 91.3 MPH)
|
Top of the 9th over - 0 runs, 0 hits, 0 errors, 0 left on base; Lexington 5 - Quad Cities 5 |
BOTTOM OF THE 9TH |
Quad Cities River Bandits batting - Pitching for Lexington Legends : RHP Terry Romaine
|
Pinch Hitting: LHB Ray Fernandez
|
0-0: Swinging Strike 0-1: Ball 1-1: Ground out 5-3 (Groundball, 6, EV 83.1 MPH)
|
Batting: LHB Kelvin Jones
|
0-0: Ball 1-0: Ball 2-0: Ball 3-0: Called Strike 3-1: Ground out 4-3 (Groundball, 4S, EV 86.3 MPH)
|
Batting: LHB Dylan LaRose
|
0-0: Ball 1-0: Foul Ball, location: 2F 1-1: Foul Ball, location: 2F 1-2: Fly out, F8 (Line Drive, 8RM, EV 95.0 MPH)
|
Bottom of the 9th over - 0 runs, 0 hits, 0 errors, 0 left on base; Lexington 5 - Quad Cities 5 |
TOP OF THE 10TH |
Lexington Legends batting - Pitching for Quad Cities River Bandits : RHP Tim Watson
|
Now at SS: Jamie Jennings
|
|
Batting: RHB Danny Weisse
|
0-0: Foul Ball, location: 2F 0-1: Foul Ball, location: 2F 0-2: Strikes out swinging
|
Pinch Hitting: LHB Josh Moore
|
0-0: Ball 1-0: Called Strike 1-1: Ball 2-1: Ball 3-1: Base on Balls
|
Batting: LHB Danny Bailey
|
0-0: Ball 1-0: Ball 2-0: SINGLE (Groundball, 6M, EV 95.6 MPH) (infield hit) Josh Moore to second
|
Batting: LHB Robby Diaz
|
0-0: Ball 1-0: Foul Ball, location: 2F 1-1: Fly out, F7 (Line Drive, 7, EV 90.0 MPH)
|
Batting: RHB Kevin Roseen
|
0-0: Ball Wild Pitch! Josh Moore to third Danny Bailey to second 1-0: Foul Ball, location: 2F 1-1: Called Strike 1-2: Foul Ball, location: 2F 1-2: Foul Ball, location: 2F 1-2: Ground out U3 (Groundball, 34, EV 105.6 MPH)
|
Top of the 10th over - 0 runs, 1 hit, 0 errors, 2 left on base; Lexington 5 - Quad Cities 5 |
BOTTOM OF THE 10TH |
Quad Cities River Bandits batting - Pitching for Lexington Legends : RHP Terry Romaine
|
Now at 2B: Matt Tittle
|
|
Batting: LHB Doug Anderson
|
0-0: Called Strike 0-1: Ball 1-1: Ball 2-1: Foul Ball, location: 2F 2-2: Ground out 4-3 (Groundball, 4, EV 88.1 MPH)
|
Batting: RHB Pete Isley
|
0-0: SINGLE (Groundball, 34D, EV 101.3 MPH)
|
Batting: RHB Raul Sanchez
|
0-0: Foul Ball, location: 2F 0-1: Ball Pete Isley steals 2nd base 1-1: Swinging Strike 1-2: Ball 2-2: Foul Ball, location: 2F 2-2: Foul Ball, location: 2F 2-2: Ground out 5-3 (Groundball, 5L, EV 86.9 MPH)
|
Batting: SHB Paskar Adegoke
|
0-0: Ball 1-0: Foul Ball, location: 2F 1-1: Ball 2-1: Swinging Strike 2-2: Ball 3-2: Strikes out looking
|
Bottom of the 10th over - 0 runs, 1 hit, 0 errors, 1 left on base; Lexington 5 - Quad Cities 5 |
TOP OF THE 11TH |
Lexington Legends batting - Pitching for Quad Cities River Bandits : RHP Tim Watson
|
Batting: SHB Jared O'Connor
|
0-0: Called Strike 0-1: SOLO HOME RUN (Flyball, 7LD, EV 96.3 MPH), Distance : 369 ft
|
Batting: RHB Alex Cid
|
0-0: Ball 1-0: Ball 2-0: Ball 3-0: Called Strike 3-1: Called Strike 3-2: Foul Ball, location: 2F 3-2: Base on Balls
|
Batting: RHB Andy Urquhart
|
0-0: Ball 1-0: Ball 2-0: Swinging Strike 2-1: Grounds into double play, 5-4-3 (Groundball, 56, EV 85.0 MPH)
|
Pitching: RHP Justin Coney
|
|
Batting: SHB Jason Anaya
|
0-0: Ball 1-0: Ball 2-0: Ball 3-0: Base on Balls
|
Batting: RHB Danny Weisse
|
0-0: Ball 1-0: Fly out, F8 (Flyball, 8RS, EV 86.9 MPH)
|
Top of the 11th over - 1 run, 1 hit, 0 errors, 1 left on base; Lexington 6 - Quad Cities 5 |
BOTTOM OF THE 11TH |
Quad Cities River Bandits batting - Pitching for Lexington Legends : RHP Terry Romaine
|
Now at 3B: Josh Martin
|
|
Batting: RHB Joe Cook
|
0-0: Called Strike 0-1: Foul Ball, location: 2F 0-2: Strikes out swinging
|
Batting: RHB Colin Cranford
|
0-0: Ground out 4-3 (Groundball, 4, EV 109.4 MPH)
|
Batting: RHB Jamie Jennings
|
0-0: Ball 1-0: Called Strike 1-1: Foul Ball, location: 2F 1-2: Strikes out swinging
|
Bottom of the 11th over - 0 runs, 0 hits, 0 errors, 0 left on base; Lexington 6 - Quad Cities 5 |
|